Map: Inferno Pools

Players

Warren - Winner!

  • Race: Protoss Protoss
  • Spawn Location: 1:00

Javert

  • Race: Zerg Zerg
  • Spawn Location: 7:00

VOD

Have the link to the VOD?

Description

Time

  • Played on: April 2, 2015, 2:03 a.m.
  • Length: 7:41
Show
View Real Time Build Order
Export as new Build Order

Warren Protoss - Winner!

Build Orders:  

Get SALT Encoding   

  12  0:01  Probe  
  13  0:13  Probe  
  14  0:23  Pylon  
  14  0:41  Probe (Chrono Boost)  
  15  0:48  Gateway  
  16  0:51  Probe (Chrono Boost)  
  16  0:58  Probe  
  17  1:10  Probe (Chrono Boost)  
  18  1:14  Assimilator  
  18  1:18  Pylon  
  18  1:20  Probe (Chrono Boost)  
  19  1:27  Probe  
  20  1:36  Cybernetics Core  
  20  1:39  Probe (Chrono Boost)  
  21  1:42  Zealot  
  23  1:52  Probe (Chrono Boost)  
  24  1:59  Pylon  
  24  2:00  Probe (Chrono Boost)  
  25  2:10  Zealot  
  25  2:12  Warp Gate (Chrono Boost)  
  26  2:24  Gateway  
  26  2:26  Probe  
  26  2:27  Gateway  
  27  2:30  Gateway  
  27  2:38  Probe (Chrono Boost)  
  27  2:40  Adept  
  30  2:51  Probe (Chrono Boost)  
  31  2:55  Pylon  
  31  3:02  Probe (Chrono Boost)  
  31  3:08  Adept  
  31  3:11  Probe (Chrono Boost)  
  33  3:23  Probe (Chrono Boost), Assimilator  
  33  3:49  Pylon  
  33  3:50  Pylon  
  28  4:09  Pylon  
  28  4:11  Pylon  
  28  4:12  Pylon  
  28  4:18  Stalker x2  
  28  4:19  Stalker x2  
  36  4:36  Mothership Core (Chrono Boost)  
  37  4:42  Zealot x2  
  37  4:43  Zealot  
  43  4:59  Probe (Chrono Boost)  
  44  5:07  Probe  
  45  5:17  Zealot x4  
  45  5:19  Probe  
  54  5:36  Pylon  
  54  5:45  Zealot x4  
  62  5:54  Probe  
  63  5:58  Pylon  
  57  6:06  Probe (Chrono Boost)  
  57  6:08  Pylon  
  59  6:18  Probe (Chrono Boost)  
  59  6:25  Probe (Chrono Boost)  
  60  6:31  Stalker x2  
  64  6:41  Pylon  
  64  6:50  Probe  
  65  7:00  Stalker  
  65  7:01  Stalker x2  
  71  7:02  Stalker, Probe  
  74  7:29  Zealot x3  
Show
View Real Time Build Order
Export as new Build Order

Javert Zerg 

Build Orders: Pool First 

Get SALT Encoding   

  12  0:01  Drone  
  13  0:13  Overlord  
  13  0:18  Drone  
  14  0:26  Extractor  
  14  0:28  Drone  
  14  0:42  Spawning Pool  
  14  0:44  Drone  
  14  0:49  Drone  
  15  0:54  Drone  
  16  0:59  Drone  
  17  1:08  Overlord  
  17  1:29  Metabolic Boost  
  17  1:30  Queen  
  19  1:34  Zergling x2  
  19  1:36  Zergling x2  
  21  1:45  Zergling x2  
  22  1:59  Zergling x2  
  23  2:14  Hatchery  
  22  2:19  Zergling x4  
  24  2:30  Zergling x2  
  24  2:36  Overlord  
  25  2:40  Queen  
  27  2:46  Baneling Nest  
  27  2:49  Zergling x2  
  27  2:51  Drone  
  27  2:55  Drone  
  29  3:04  Drone x2  
  31  3:20  Drone x4  
  35  3:28  Drone  
  35  3:31  Baneling x4  
  36  3:40  Drone x2  
  37  3:44  Drone x4  
  39  3:56  Zergling x4  
  39  4:07  Drone x2  
  41  4:12  Extractor  
  41  4:16  Overlord  
  40  4:18  Roach Warren  
  40  4:20  Drone x5  
  44  4:25  Overlord  
  44  4:28  Extractor  
  44  4:30  Extractor  
  42  4:34  Drone x2  
  44  4:44  Zergling x12  
  50  4:50  Lair  
  50  4:55  Drone x2  
  50  4:56  Drone x2  
  54  5:04  Queen  
  56  5:13  Drone x4  
  60  5:25  Overlord x2  
  60  5:27  Evolution Chamber  
  59  5:29  Overlord x2  
  58  5:39  Baneling x5  
  58  5:40  Baneling x4  
  58  5:43  Zergling x2  
  59  5:52  Drone x2  
  59  5:53  Drone x6  
  57  6:07  Zergling x12  
  63  6:14  Spine Crawler  
  63  6:17  Zergling x2  
  63  6:18  Zergling x10  
  68  6:25  Zergling x8  
  72  6:37  Zergling x2  
  72  6:38  Zergling x2  
  73  6:42  Overlord  
  73  6:57  Zergling x2  
  73  6:58  Zergling x10  
  75  7:11  Roach x2  
Tags
 
Matchup
PvZ
Opening
Pool First
Spawn Locations
Cross Positions
Add a new tag
Caveats
  • Supply blocks, unpowered buildings, or Contaminate may cause inaccurate times.
  • Supply counts are checked every 10 seconds.